 Dungeon Crawl Stone Soup version 0.24-a0-250-g6074511 (webtiles) character file.

Game seed: 6270821857919319427

426 Borgoz the Cutter (level 7, 0/43 HPs)
             Began as a Kobold Gladiator on Apr 14, 2019.
             Slain by a shadow imp (3 damage)
             ... on level 5 of the Dungeon.
             The game lasted 00:05:47 (3450 turns).

Borgoz the Cutter (Kobold Gladiator)                Turns: 3450, Time: 00:05:48

Health: 0/43       AC:  4    Str: 13    XL:     7   Next: 18%
Magic:  7/7        EV: 17    Int: 10    God:
Gold:   128        SH:  0    Dex: 16    Spells: 6/6 levels left

rFire    . . .     SeeInvis .   a - +1 rapier
rCold    . . .     Gourm    .   (shield restricted)
rNeg     . . .     Faith    .   b - +0 leather armour
rPois    .         Spirit   .   c - +0 helmet
rElec    .         Reflect  .   (no cloak)
rCorr    .         Harm     .   (no gloves)
MR       .....                  (no boots)
Stlth    ++........             (no amulet)
HPRegen  0.14/turn              (no ring)
MPRegen  0.10/turn              (no ring)

@: no status effects
A: small, carnivore
a: no special abilities


You were on level 5 of the Dungeon.
You were completely stuffed.

You visited 2 branches of the dungeon, and saw 6 of its levels.

You collected 128 gold pieces.

Inventory:

Hand Weapons
 a - a +1 rapier (weapon)
Missiles
 d - 3 throwing nets (quivered)
Armour
 b - a +0 leather armour (worn)
 c - a +0 helmet (worn)
Wands
 r - a wand of polymorph (8)
Scrolls
 e - a scroll of random uselessness {unknown}
 n - a scroll of remove curse
 o - a scroll of teleportation {unknown}
 p - a scroll of magic mapping
Potions
 g - a potion of invisibility {unknown}
 h - 3 potions of curing
 i - a potion of agility
 j - a potion of degeneration {unknown}
 k - a potion of ambrosia {unknown}
 m - a potion of lignification {unknown}
 q - a potion of berserk rage {unknown}
 s - 2 potions of flight {unknown}
 t - a potion of magic {unknown}
Comestibles
 f - 5 rations


   Skills:
 + Level 4.3 Fighting
 + Level 6.0 Short Blades
 - Level 2.1 Throwing
 + Level 2.5 Armour
 + Level 5.3 Dodging
 + Level 1.6 Stealth


You had 6 spell levels left.
You didn't know any spells.
Your spell library contained the following spells:

 Spells                   Type           Power        Failure   Level  Hunger
 Apportation              Tloc           #.....       43%         1    ##.....


Dungeon Overview and Level Annotations

Branches:
Dungeon (5/15)             Temple (1/1) D:4

Altars:
Cheibriados
Dithmenos
Gozag
Hepliaklqana
Kikubaaqudgha
Makhleb
Nemelex Xobeh
Qazlal
Ru
Sif Muna
Trog
Uskayaw
Vehumet
Wu Jian
Xom
Yredelemnul
Zin
Lugonu

Shops:
D:4 *


Innate Abilities, Weirdness & Mutations

You are small and have problems with some larger weapons.
You are carnivorous and can eat meat at any time.


Message History

There is a stone staircase leading up here.
A shadow imp is nearby!
You are too injured to fight recklessly!
You are too injured to fight recklessly!
You are too injured to fight recklessly!
Evoke which item? (* to show all) (? for menu, Esc to quit)
Okay, then.
You are too injured to fight recklessly!
You closely miss the shadow imp. The shadow imp gestures at you.
Pain shoots through your body!
* * * LOW HITPOINT WARNING * * *
You hit the shadow imp.
The shadow imp is moderately wounded.
The shadow imp misses you.
You hit the shadow imp.
The shadow imp is heavily wounded.
The shadow imp laughs crazily.
The shadow imp hits you.
You die...

##.........♣≈≈
#..........≈≈
#..........♣♣
#...........♣
#.<........#
#.....)....#P♣
##.....<[...P♣
#.........<#.♣
#...5@.....#
#..........#
#._.......^#
#...........#
##........#...
##......####.
#.###### #.


You could see a shadow imp.

Vanquished Creatures
  A crimson imp (D:3)
  A bullfrog zombie (D:4)
  A hound (D:4)
  A centaur skeleton (D:4)
  2 orc priests (D:3)
  A gnoll shaman (D:5)
  An iguana (D:4)
  7 adders
  3 oozes
  3 worms
  2 dart slugs
  4 leopard geckos
  7 orcs
  2 ball pythons (D:1)
  6 bats
  7 giant cockroaches
  9 goblins
  8 hobgoblins
  6 jackals (D:1)
  12 kobolds
  3 quokkas
  5 frilled lizards
  A giant cockroach zombie (D:4)
  A leopard gecko skeleton (D:4)
  A quokka zombie (D:4)
  7 rats
102 creatures vanquished.

Notes
Turn   | Place    | Note
-------+----------+-------------------------------------------
     0 | D:1      | Borgoz the Kobold Gladiator began the quest for the Orb.
     0 | D:1      | Reached XP level 1. HP: 12/12 MP: 1/1
   103 | D:1      | Reached XP level 2. HP: 15/18 MP: 2/2
   424 | D:1      | Reached XP level 3. HP: 22/22 MP: 3/3
   509 | D:1      | Reached skill level 1 in Armour
   929 | D:2      | Reached XP level 4. HP: 22/28 MP: 4/4
  2068 | D:3      | Reached XP level 5. HP: 32/32 MP: 5/5
  2156 | D:3      | Reached skill level 5 in Short Blades
  2301 | D:3      | Reached XP level 6. HP: 18/38 MP: 6/6
  2341 | D:3      | Found a shimmering altar of Xom.
  2341 | D:3      | Found a burning altar of Makhleb.
  2641 | D:3      | Reached skill level 5 in Dodging
  2929 | D:4      | Found a sacrificial altar of Ru.
  2930 | D:4      | Found a basalt altar of Yredelemnul.
  2931 | D:4      | Found an ornate altar of the Wu Jian Council.
  2951 | D:4      | Found an opulent altar of Gozag.
  2989 | D:4      | Found a hide-covered altar of Uskayaw.
  2990 | D:4      | Noticed a +0 dagger
  2991 | D:4      | Noticed a +0 dagger
  3003 | D:4      | Found an ancient bone altar of Kikubaaqudgha.
  3010 | D:4      | Found a deep blue altar of Sif Muna.
  3012 | D:4      | Found a radiant altar of Vehumet.
  3016 | D:4      | Identified Sif Muna's Reference Book on Dislocation
  3147 | D:4      | Found a staircase to the Ecumenical Temple.
  3155 | D:4      | Reached skill level 1 in Stealth
  3155 | D:4      | Reached XP level 7. HP: 41/43 MP: 7/7
  3163 | Temple   | Entered the Ecumenical Temple
  3284 | D:4      | Found Bisirr's Assorted Antiques.
  3435 | D:5      | Entered Level 5 of the Dungeon
  3435 | D:5      | Found a snail-covered altar of Cheibriados.
  3438 | D:5      | Reached skill level 6 in Short Blades
  3450 | D:5      | Slain by a shadow imp

Levels and vault maps discovered:
D:1:      ebering_trefoil_twist, layout_loops_ring, wad_floor_pattern_untrapped,
          minmay_misc_feat_enclosed
D:2:      layout_loops_cross, first_ration, guppyfry_early_orc_mine
D:3:      layout_loops_ring, grunt_temple_overflow_champion_of_chaos
D:4:      layout_loops_ring, grunt_temple_overflow_magic_moments,
          grunt_temple_overflow_open, grunt_gozag_statues,
          dancing_weapons_uskayaw, fedhas_altar_1, minmay_temple_entry_mist,
          serial_undead, serial_undead_d, serial_undead_d, serial_undead_c,
          serial_undead_d, serial_shops, shop
D:5:      layout_rooms, overflow_temple_1_default, serial_bayou,
          serial_bayou_ford_a, serial_bayou_shore_b, serial_bayou_shore_b,
          serial_bayou_lake_a, minmay_pentangle
Temple:   corrupted_temple

Skill      XL: |  1  2  3  4  5  6  7 |
---------------+----------------------+-----
Dodging        | 4 5 |  5.3
Armour         | 1 2 |  2.5
Fighting       | 3 4 |  4.3
Short Blades   | 5 6 |  6.0
Stealth        | 1 |  1.6
Throwing       | |  2.1

Action                   |  1- 3 |  4- 6 |  7- 9 || total
-------------------------+-------+-------+-------++-------
Melee: Rapier            |   116 |   235 |    34 ||   385
Throw: Throwing net      |       |       |     1 ||     1
  Use: Scroll            |       |     6 |       ||     6
       Potion            |       |     3 |       ||     3
 Stab: Sleeping          |     3 |     3 |     1 ||     7
       Held in net/web   |       |       |     1 ||     1
  Eat: Chunk             |     9 |     7 |     1 ||    17
Armor: Leather armour    |    22 |    35 |     2 ||    59
Dodge: Dodged            |    86 |   171 |    25 ||   282

Table legend:
 A = Non-vault XP
 B = Vault XP
 C = Vault XP percentage of total XP
 D = Non-vault monster count
 E = Vault monster count
 F = Vault count percentage of total count
                 A         B        C        D         E       F
            +---------+---------+-------+---------+---------+-------
      Total |     456 |     153 |  25.1 |      90 |      12 |  11.8
            +---------+---------+-------+---------+---------+-------
        D:1 |      62 |       0 |   0.0 |      35 |       0 |   0.0
        D:2 |      55 |      17 |  23.6 |      20 |       7 |  25.9
        D:3 |     189 |      48 |  20.3 |      25 |       1 |   3.8
        D:4 |     113 |      88 |  43.8 |       9 |       4 |  30.8
        D:5 |      37 |       0 |   0.0 |       1 |       0 |   0.0
            +---------+---------+-------+---------+---------+-------
